 Dungeon Crawl Stone Soup version 0.14-a0-1388-g200237c (webtiles) character file.

513 PolkaDot the Cutter (level 5, 0/41 HPs)
             Began as a Vampire Death Knight on Dec 9, 2013.
             Was a Priest of Yredelemnul.
             Succumbed to a worker ant's poison
             ... on Level 4 of the Dungeon.
             The game lasted 00:19:38 (6382 turns).

PolkaDot the Cutter (Vampire Death Knight)          Turns: 6382, Time: 00:19:38

HP   0/41        AC  3     Str 14 (17) XL: 5   Next: 89%
MP   8/8         EV 12     Int 13      God: Yredelemnul [***...]
Gold 261         SH  0     Dex 14      Spells:  0 memorised,  4 levels left

rFire  x . .     SeeInvis +     a - +1 short sword
rCold  + . .     Clarity  .     b - +0 leather armour
rNeg   + . .     Conserve .     (no shield)
rPois  .         rCorr    .     (no helmet)
rElec  .         rRot     .     (no cloak)
SustAb . .       Spirit   .     (no gloves)
rMut   .         Warding  .     (no boots)
Saprov . . .     Stasis   .     h - amulet of faith
                                (no ring)
                                c - ring of ice

@: mighty, mildly poisoned, very slightly contaminated, slightly resistant to
hostile enchantments, unstealthy
A: fangs 3, see invisible, unbreathing
a: Bat Form, Animate Dead, Recall Undead Slaves, Injury Mirror, Renounce
Religion


You were on level 4 of the Dungeon.
You worshipped Yredelemnul.
Yredelemnul was most pleased with you.
You were not thirsty.

You visited 1 branch of the dungeon, and saw 4 of its levels.
You also visited: Sewer.

You collected 261 gold pieces.

Inventory:

Hand weapons
 a - a +1,+1 short sword (weapon)
Armour
 b - a +0 leather armour (worn)
Scrolls
 e - 5 scrolls of remove curse
 j - a scroll of amnesia
 l - a scroll of enchant armour {unknown}
Jewellery
 c - a ring of ice (left hand)
 g - an uncursed amulet of clarity
 h - an amulet of faith (around neck)
Potions
 d - 4 potions of flight
 f - 3 potions of might
 i - a potion of restore abilities


   Skills:
 + Level 3.1 Fighting
 - Level 4.1 Short Blades
 - Level 0.7 Armour
 * Level 2.5 Dodging
 + Level 3.8 Invocations


You had 4 spell levels left.
You didn't know any spells.

Dungeon Overview and Level Annotations

Branches:
Dungeon (4/16)
 Temple: D:4-7

Altars:


Innate Abilities, Weirdness & Mutations

You have razor-sharp teeth.*
You have supernaturally acute eyesight.
You can survive without breathing.*


Message History

The worker ant misses you.
You hit the worker ant.
The worker ant is heavily wounded.
The worker ant bites you.
* * * LOW HITPOINT WARNING * * *
You are more poisoned.
The worker ant poisons you!
Your worker ant zombie bites the worker ant.
Read which item? (? for menu, Esc to quit)
Okay, then.
Drink which item? (? for menu, Esc to quit)
Okay, then.
Read which item? (? for menu, Esc to quit)
Okay, then.
Drink which item? (? for menu, Esc to quit)
There was something very wrong with that liquid!
You feel weakened.
It was a potion of degeneration.
You die...
Yredelemnul claims you as an undead slave.

........###......(+
.....
........#.'.......#
####
........#.#.......#
........'.#.......#
........######'####
#'####### #..## #.#
##..# #.# ##.# #.#
####@### #########
#.# #...a..#
#.......# #.#
#..zz..# #.......#
#.# #......#
#.......### #.#
#...<..# #..)....'.#
#.## #......#
#.......#)# #..#
#......####.......#..
##.#
#......#..'...)...###
#.#
#......#.##.......# #


You could see a worker ant, a friendly worker ant zombie and a friendly kobold
skeleton.

Vanquished Creatures
  An orc wizard (D:3)
  A worker ant (D:4)
  6 adders
  2 gnolls (D:2)
  3 giant mites
  4 giant geckos
  4 orcs
  6 bats
  A bat zombie (D:3)
  10 hobgoblins
  14 kobolds
  2 quokkas
  5 giant cockroaches
  A giant gecko skeleton (D:3)
  3 giant newts
  8 goblins
  4 jackals
  A quokka zombie (D:3)
  7 rats
  A rat skeleton (D:4)
84 creatures vanquished.

Vanquished Creatures (collateral kills)
  A worker ant (D:4)
  4 gnolls
  A giant gecko (D:4)
  An orc (D:3)
  2 goblins (D:4)
  A hobgoblin (D:4)
  A giant newt (D:3)
  A jackal (Sewer)
  A rat (D:1)
13 creatures vanquished.

Vanquished Creatures (others)
  A worker ant zombie (D:4)
  2 adder zombies (D:3)
  An adder skeleton (D:2)
  2 gnoll zombies (D:3)
  A giant cockroach zombie (Sewer)
  A giant gecko skeleton (D:3)
  A giant mite zombie (Sewer)
  A giant newt skeleton (D:3)
  A goblin skeleton (D:1)
  2 goblin zombies
  A hobgoblin skeleton (D:4)
  3 hobgoblin zombies
  A jackal skeleton (D:4)
  5 kobold zombies
23 creatures vanquished.

Grand Total: 120 creatures vanquished

Notes
Turn   | Place    | Note
--------------------------------------------------------------
     0 | D:1      | PolkaDot, the Vampire Death Knight, began the quest for the Orb.
     0 | D:1      | Reached XP level 1. HP: 16/16 MP: 1/1
   457 | D:1      | Reached XP level 2. HP: 16/22 MP: 2/2
   913 | D:1      | Reached skill level 3 in Short Blades
  1400 | D:2      | Reached XP level 3. HP: 13/27 MP: 4/4
  2031 | D:2      | Acquired Yredelemnul's second power
  2579 | D:2      | Reached XP level 4. HP: 9/33 MP: 3/6
  2979 | D:3      | Reached skill level 4 in Short Blades
  3151 | D:3      | Reached XP level 5. HP: 25/39 MP: 8/8
  3590 | D:3      | Found a glowing drain.
  3694 | Sewer    | Entered a sewer
  4207 | Sewer    | HP: 2/40 [giant slug (15)]
  6066 | D:4      | Acquired Yredelemnul's third power
  6381 | D:4      | HP: 1/41 [worker ant (2)]
  6382 | D:4      | Succumbed to a worker ant's poison

Action                   |  1- 3 |  4- 6 || total
-------------------------+-------+-------++-------
Melee: Short sword       |   163 |   209 ||   372
Invok: Animate Remains   |    15 |    17 ||    32
       Recall Undead Sla |     1 |     2 ||     3
       Animate Dead      |       |     1 ||     1
  Use: Potion            |     2 |     7 ||     9
       Scroll            |     3 |    10 ||    13
